 Dungeon Crawl Stone Soup version 0.20.0 (webtiles) character file.

140 Llamajah the Skirmisher (level 5, -9/44 HPs)
             Began as a Barachi Fighter on June 1, 2017.
             Killed by divine providence
             ... invoked by an orc priest
              (14 damage)
             ... on level 3 of the Dungeon.
             The game lasted 00:06:41 (2801 turns).

Llamajah the Skirmisher (Barachi Fighter)           Turns: 2801, Time: 00:06:41

Health: -9/44      AC:  7    Str: 18    XL:     5   Next: 22%
Magic:  5/5        EV:  8    Int:  8    God:
Gold:   135        SH:  9    Dex: 12    Spells: 4/4 levels left

rFire    . . .     SeeInvis .   a - +0 long sword
rCold    . . .     Gourm    .   c - +0 shield
rNeg     . . .     Faith    .   b - +0 scale mail
rPois    +         Spirit   .   (no helmet)
rElec    .         Reflect  .   (no cloak)
rCorr    .         Harm     .   (no gloves)
MR       .....                  (no boots)
Stlth    ..........             (no amulet)
Regen    0.2/turn               i - ring of poison resistance
MPRegen  0.1/turn               (no ring)

@: slow
A: +LOS, swims, slowness 1, strong legs 1
a: Hop


You were on level 3 of the Dungeon.
You were not hungry.

You visited 1 branch of the dungeon, and saw 3 of its levels.

You collected 135 gold pieces.

Inventory:

Hand Weapons
 a - a +0 long sword (weapon)
Armour
 b - a +0 scale mail (worn)
 c - a +0 shield (worn)
 k - a +2 buckler
Jewellery
 i - a ring of poison resistance (left hand)
 s - an uncursed amulet of regeneration
Scrolls
 h - 4 scrolls of identify {unknown}
 j - a scroll of amnesia {unknown}
 n - 2 scrolls of teleportation {unknown}
 p - a scroll of magic mapping {unknown}
 q - a scroll of enchant armour {unknown}
 r - a scroll of blinking {unknown}
 u - a scroll of enchant weapon {unknown}
Potions
 d - a potion of might
 e - a potion of ambrosia {unknown}
 g - a potion of cancellation {unknown}
 l - a potion of experience {unknown}
 m - a potion of agility {unknown}
 t - a potion of berserk rage {unknown}
Comestibles
 f - 3 bread rations
 o - 2 meat rations


   Skills:
 * Level 5.1 Fighting
 + Level 3.3 Long Blades
 + Level 4.1 Armour
 + Level 2.0 Dodging
 + Level 3.8 Shields


You had 4 spell levels left.
You didn't know any spells.

Dungeon Overview and Level Annotations

Branches:
Dungeon (3/15)

Altars:
Gozag


Innate Abilities, Weirdness & Mutations

Shadows flee at your approach. (+LOS)
You can swim through water.
You cover ground slowly.
You can hop short distances.


Message History

The orc priest is moderately wounded.
The orc priest invokes the aid of Beogh against you.
Pain shoots through your body!
* * * LOW HITPOINT WARNING * * *
The orc priest hits you but does no damage.
You hit the orc priest.
The orc priest is heavily wounded.
The orc priest hits you but does no damage.
You hit the orc priest.
The orc priest is severely wounded.
You block the orc priest's attack. x2
You hit the orc priest but do no damage.
The orc priest is severely wounded.
The orc priest hits you.
* * * LOW HITPOINT WARNING * * *
You hit the orc priest but do no damage.
The orc priest is severely wounded.
The orc priest mumbles some strange prayers to Beogh against you.
Beogh smites you!
You die...

...##.###......# #.#
#.# #.# ######.###.#
#.# #.# #.....##### ##
##+# ###)......# #...
#.#####.# .....
##.#####.# ......
##........#
o......####..)..##..#
......ooo@............
.......####.....##.##.
...... ##....# # .....
#.#.## #... #.#.# ##+
#.#.. #.#### #.# #.#


You could see an orc priest and 2 orcs.

Vanquished Creatures
  4 adders
  An ooze (D:2)
  2 worms
  5 dart slugs
  4 leopard geckos
  7 orcs
  11 bats
  A giant cockroach (D:1)
  6 hobgoblins
  2 jackals (D:1)
  8 kobolds
  A quokka (D:2)
  3 frilled lizards
  10 goblins
  7 rats
72 creatures vanquished.

Notes
Turn   | Place    | Note
-------+----------+-------------------------------------------
     0 | D:1      | Llamajah the Barachi Fighter began the quest for the Orb.
     0 | D:1      | Reached XP level 1. HP: 18/18 MP: 1/1
    65 | D:1      | Reached XP level 2. HP: 20/25 MP: 2/2
   244 | D:1      | Reached skill level 4 in Fighting
   321 | D:1      | Reached XP level 3. HP: 30/30 MP: 3/3
   448 | D:1      | Reached skill level 1 in Dodging
  1221 | D:2      | Found an opulent altar of Gozag.
  1301 | D:2      | Reached XP level 4. HP: 38/38 MP: 4/4
  2322 | D:2      | Reached XP level 5. HP: 43/43 MP: 5/5
  2469 | D:3      | Reached skill level 5 in Fighting
  2801 | D:3      | Killed from afar by an orc priest

Skill      XL: |  1  2  3  4  5 |
---------------+----------------+-----
Fighting       | 4 5 |  5.1
Dodging        | 1 2 |  2.0
Long Blades    | 3 |  3.3
Armour         | 4 |  4.1
Shields        | |  3.8

Action                   |  1- 3 |  4- 6 || total
-------------------------+-------+-------++-------
Melee: Long sword        |    99 |   134 ||   233
  Eat: Chunk             |     2 |     6 ||     8
Armor: Scale mail        |    45 |    57 ||   102
Dodge: Dodged            |    32 |    42 ||    74
Block: Shield            |    54 |    67 ||   121
       Rpst.: Long sword |    12 |    10 ||    22
